 Dungeon Crawl Stone Soup version 0.26-a0-708-g17f3b190f9 (webtiles) character file.

Game seed: 12481322065243961753

18525 Snikeer the Slinger (level 12, -1/116 HPs)
             Began as a Deep Dwarf Hunter on Oct 26, 2020.
             Was a Priest of Elyvilon.
             Slain by a gargoyle
             ... wielding a +2 vorpal morningstar
              (4 damage)
             ... on level 11 of the Dungeon on Oct 27, 2020.
             The game lasted 00:59:08 (13083 turns).

Snikeer the Slinger (Deep Dwarf Hunter)            Turns: 13083, Time: 00:59:09

Health: -1/116     AC: 11    Str: 16    XL:     12   Next: 28%
Magic:  16/16      EV: 19    Int: 13    God:    Elyvilon [***...]
Gold:   540        SH:  0    Dex: 17    Spells: 11/11 levels left

rFire    . . .     SeeInvis .   a - +3 hunting sling
rCold    . . .     Faith    .   (no shield)
rNeg     . . .     Spirit   .   F - +2 robe {MR+}
rPois    +         Reflect  .   (no helmet)
rElec    .         Harm     .   h - +0 cloak
rCorr    .         Rampage  .   o - +2 pair of gloves
MR       ++...                  p - +2 pair of boots
Stlth    +++.......             (no amulet)
HPRegen  0.00/turn              G - ring of stealth {Stlth+}
MPRegen  0.15/turn              y - ring of poison resistance {rPois, !d}

@: non-regenerating
A: damage resistance, heal wounds, sense surroundings 2, no regeneration
a: Heal Wounds, Lesser Healing, Heal Other, Purification, Divine Protection,
Renounce Religion


You were on level 11 of the Dungeon.
You worshipped Elyvilon.
Elyvilon was most pleased with you.
You visited 4 branches of the dungeon, and saw 15 of its levels.

You collected 901 gold pieces.
You spent 361 gold pieces at shops.

Inventory:

Hand Weapons
 a - a +3 hunting sling (weapon)
 b - a +2 dagger of speed
   (You took it off an orc on level 9 of the Dungeon)
Missiles
 g - 67 stones (quivered)
 E - a throwing net {=f, !d}
Armour
 h - a +0 cloak (worn)
   (You found it on level 6 of the Dungeon)
 o - a +2 pair of gloves (worn)
   (You found it on level 1 of the Dungeon)
 p - a +2 pair of boots (worn)
   (You found it on level 2 of the Dungeon)
 F - a +2 robe of magic resistance (worn)
   (You took it off a wight on level 7 of the Dungeon)
Jewellery
 c - an uncursed ring of ice {rC+, rF-}
   (You took it off an orc wizard on level 9 of the Dungeon)
 y - a ring of poison resistance (right hand) {rPois, !d}
   (You found it on level 3 of the Dungeon)
 D - an uncursed ring of positive energy {rN+}
   (You took it off an orc on level 9 of the Dungeon)
 G - a ring of stealth (left hand) {Stlth+}
   (You found it on level 5 of the Dungeon)
Wands
 j - a wand of digging (3)
   (You bought it in a shop on level 9 of the Dungeon)
 l - a wand of polymorph (4)
   (You found it on level 11 of the Dungeon)
 v - a wand of paralysis (4)
   (You found it on level 8 of the Dungeon)
 B - a wand of iceblast (1)
   (You found it on level 8 of the Dungeon)
 H - a wand of enslavement (4)
   (You found it on level 5 of the Dungeon)
Scrolls
 k - 3 scrolls of identify
 q - 7 scrolls of remove curse
 s - a scroll of fear
 t - 4 scrolls of teleportation
 w - a scroll of immolation {!r}
 A - 2 scrolls of amnesia
Potions
 e - 3 potions of cancellation
 f - 4 potions of stabbing
 i - 3 potions of resistance
 m - 6 potions of flight
 n - 4 potions of curing
 r - a potion of degeneration {unknown}
 u - 2 potions of ambrosia
 z - 4 potions of heal wounds
 C - a potion of invisibility
 I - 2 potions of mutation {!q}


   Skills:
 - Level 10.0 Fighting
 + Level 14.3 Slings
 - Level 10.0 Dodging
 - Level 1.2 Stealth
 - Level 10.0 Invocations


You had 11 spell levels left.
You didn't know any spells.
Your spell library was empty.

Dungeon Overview and Level Annotations

Branches:
Dungeon (11/15)            Temple (1/1) D:4            Lair (1/6) D:9
    Orc (2/2) D:9
    Elf: Orc:2

Altars:
Ashenzari
Cheibriados
Dithmenos
Elyvilon
Fedhas
Gozag
Hepliaklqana
Kikubaaqudgha
Makhleb
Nemelex Xobeh
Okawaru
Qazlal
Ru
Sif Muna
Trog
Uskayaw
Vehumet
Wu Jian
Xom
Yredelemnul
Zin
The Shining One

Shops:
D:9 *

Portals:
Trove: D:10 (give horn of Geryon)

Annotations:
D:9 exclusion: obsidian statue
D:11 1 runed translucent door, snetch's ghost, novice DECj
Lair:1 exclusion: hydra


Innate Abilities, Weirdness & Mutations

You are resistant to damage.
You can heal yourself by infusing magical energy.
You passively map the area around you.
You do not regenerate.


Message History

The sling bullet hits the gargoyle but does no damage.
You shoot a sling bullet.
The sling bullet barely misses the gargoyle.
The gargoyle hits you with a +2 vorpal morningstar.
You shoot a sling bullet.
The sling bullet hits the gargoyle but does no damage.
You shoot a sling bullet. The sling bullet hits the gargoyle.
The gargoyle hurls a stone arrow at you.
The stone arrow misses you.
You shoot a sling bullet.
The sling bullet hits the gargoyle but does no damage.
You shoot a sling bullet.
The sling bullet hits the gargoyle but does no damage.
The gargoyle hurls a stone arrow at you.
The stone arrow hits you!!
You shoot a sling bullet.
The sling bullet hits the gargoyle but does no damage.
You take 22 damage, and have 90/116 hp.
You shoot a sling bullet. The sling bullet hits the gargoyle.
The gargoyle completely misses you.
You shoot a sling bullet.
The sling bullet hits the gargoyle but does no damage.
You shoot a sling bullet.
The sling bullet hits the gargoyle but does no damage.
The gargoyle hits you with a +2 vorpal morningstar!
You take 9 damage, and have 81/116 hp.
You shoot a sling bullet.
The sling bullet hits the gargoyle but does no damage.
You shoot a sling bullet.
The sling bullet hits the gargoyle but does no damage.
The gargoyle hits you with a +2 vorpal morningstar!
You are too injured to fight recklessly!
You take 16 damage, and have 65/116 hp.
You are too injured to fight recklessly!
You are too injured to fight recklessly!
Firing (i - inventory. (/) - cycle)
d - 4 sling bullets (quivered)
Press: ? - help, Shift-Dir - straight line, f/p - gargoyle
Aim: a gargoyle, wielding a +2 vorpal morningstar (moderately damaged)
You shoot a sling bullet.
The sling bullet hits the gargoyle but does no damage.
Firing (i - inventory. (/) - cycle)
d - 3 sling bullets (quivered)
Press: ? - help, Shift-Dir - straight line, f/p - gargoyle
Aim: a gargoyle, wielding a +2 vorpal morningstar (moderately damaged)
You shoot a sling bullet. The sling bullet hits the gargoyle.
The gargoyle hurls a stone arrow at you.
The stone arrow hits you!
You take 8 damage, and have 57/116 hp.
Firing (i - inventory. (/) - cycle)
d - 2 sling bullets (quivered)
Press: ? - help, Shift-Dir - straight line, f/p - gargoyle
Aim: a gargoyle, wielding a +2 vorpal morningstar (heavily damaged)
You shoot a sling bullet.
The sling bullet hits the gargoyle but does no damage.
The gargoyle hurls a stone arrow at you.
The stone arrow misses you.
Firing (i - inventory. (/) - cycle)
d - a sling bullet (quivered)
Press: ? - help, Shift-Dir - straight line, f/p - gargoyle
Aim: a gargoyle, wielding a +2 vorpal morningstar (heavily damaged)
You shoot a sling bullet. The sling bullet hits the gargoyle.
Firing (i - inventory)
g - 74 stones (quivered)
Press: ? - help, Shift-Dir - straight line, f/p - gargoyle
Aim: a gargoyle, wielding a +2 vorpal morningstar (severely damaged)
You shoot a stone. The stone hits the gargoyle.
The gargoyle hits you with a +2 vorpal morningstar!
You take 5 damage, and have 52/116 hp.
Firing (i - inventory)
g - 73 stones (quivered)
Press: ? - help, Shift-Dir - straight line, f/p - gargoyle
Aim: a gargoyle, wielding a +2 vorpal morningstar (severely damaged)
You shoot a stone. The stone hits the gargoyle.
Firing (i - inventory)
g - 72 stones (quivered)
Press: ? - help, Shift-Dir - straight line, f/p - gargoyle
Aim: a gargoyle, wielding a +2 vorpal morningstar (severely damaged)
You shoot a stone. The stone barely misses the gargoyle.
The gargoyle hurls a stone arrow at you.
The stone arrow hits you!
You take 13 damage, and have 39/116 hp.
Firing (i - inventory)
g - 71 stones (quivered)
Press: ? - help, Shift-Dir - straight line, f/p - gargoyle
Aim: a gargoyle, wielding a +2 vorpal morningstar (severely damaged)
You shoot a stone.
The stone hits the gargoyle but does no damage.
Firing (i - inventory)
g - 70 stones (quivered)
Press: ? - help, Shift-Dir - straight line, f/p - gargoyle
Aim: a gargoyle, wielding a +2 vorpal morningstar (severely damaged)
You shoot a stone.
The stone completely misses the gargoyle.
The gargoyle hits you with a +2 vorpal morningstar!!
* * * LOW HITPOINT WARNING * * *
You take 18 damage, and have 21/116 hp.
Firing (i - inventory)
g - 69 stones (quivered)
Press: ? - help, Shift-Dir - straight line, f/p - gargoyle
Aim: a gargoyle, wielding a +2 vorpal morningstar (severely damaged)
You shoot a stone.
The stone hits the gargoyle but does no damage.
Firing (i - inventory)
g - 68 stones (quivered)
Press: ? - help, Shift-Dir - straight line, f/p - gargoyle
Aim: a gargoyle, wielding a +2 vorpal morningstar (severely damaged)
You shoot a stone. The stone barely misses the gargoyle.
The gargoyle hits you with a +2 vorpal morningstar!!
* * * LOW HITPOINT WARNING * * *
You die...

####.###### , #.....### '*
#####...# , #######'####
#+ #..........### , ...,
## #..........'.# ....,*
.###..........#.#* .....
.).'..........#.##.((...,*
####..........#.@9(..... *
#..........####......
####'####### ,..... #.#
..... #.# ,.... * #.# *
#'## #.## #.## #..# #..#
########.## ####'#######


You could see a gargoyle.

Vanquished Creatures
  Harold (D:7)
  9 two-headed ogres
  An orc high priest (Orc:1)
  An ogre mage (Orc:1)
  An orc knight (Orc:1)
  Pikel (D:6)
  An ugly thing (D:11)
  An orc sorcerer (Orc:1)
  Joseph (D:7)
  2 trolls (Orc:1)
  A hornet (D:10)
  Prince Ribbit (D:7)
  2 wraiths
  Sigmund (D:3)
  A vampire (D:9)
  6 yaks (D:11)
  2 wargs (Orc:1)
  Edmund (D:6)
  Duvessa (D:6)
  12 orc warriors
  A water moccasin (D:7)
  A phantom (D:7)
  4 ice beasts
  3 necrophages
  5 ogres
  3 centaurs
  2 big kobolds
  3 bullfrogs
  A wyvern zombie (D:4)
  Dowan (D:6)
  2 wyvern skeletons
  5 scorpions
  5 wights (D:7)
  A howler monkey (D:8)
  A quasit (D:10)
  A bullfrog zombie (D:9)
  15 orc priests
  3 jellies
  3 centaur skeletons
  10 hounds
  22 orc wizards
  Ijyb (D:4)
  A bullfrog skeleton (D:8)
  5 iguanas
  4 worker ants
  A hound zombie (D:7)
  2 howler monkey skeletons
  2 worker ant zombies
  10 adders
  A gnoll (D:3)
  A shadow imp (D:7)
  A white imp (D:8)
  3 ufetubi
  2 oozes
  2 adder skeletons
  An adder zombie (D:6)
  4 worms
  A dart slug (D:1)
  6 leopard geckos
  36 orcs
  A ball python (D:4)
  7 giant cockroaches
  5 goblins
  9 hobgoblins
  9 jackals
  5 quokkas
  5 bats
  6 frilled lizards
  15 kobolds
  A quokka skeleton (D:5)
  6 rats
292 creatures vanquished.

Vanquished Creatures (collateral kills)
  An orc (Orc:2)
1 creature vanquished.

Grand Total: 293 creatures vanquished

Notes
Turn   | Place    | Note
-------+----------+-------------------------------------------
     0 | D:1      | Snikeer the Deep Dwarf Hunter began the quest for the Orb.
     0 | D:1      | Reached XP level 1. HP: 19/19 MP: 1/1
    54 | D:1      | Reached XP level 2. HP: 24/26 MP: 2/2
    72 | D:1      | Reached skill level 5 in Slings
   601 | D:1      | Reached XP level 3. HP: 24/32 MP: 3/3
   788 | D:2      | Found a hide-covered altar of Uskayaw.
   954 | D:2      | Found a shimmering altar of Xom.
  1106 | D:2      | Reached skill level 6 in Slings
  1616 | D:3      | Reached XP level 4. HP: 24/39 MP: 4/4
  2165 | D:3      | Noticed Sigmund
  2177 | D:3      | Killed Sigmund
  2177 | D:3      | Reached skill level 7 in Slings
  2177 | D:3      | Reached XP level 5. HP: 20/45 MP: 5/5
  2264 | D:3      | Reached skill level 8 in Slings
  2264 | D:3      | Reached XP level 6. HP: 43/52 MP: 6/6
  2441 | D:4      | Found a staircase to the Ecumenical Temple.
  2551 | D:4      | Reached skill level 9 in Slings
  2690 | D:4      | Reached XP level 7. HP: 31/58 MP: 7/7
  2923 | D:4      | Found a basalt altar of Yredelemnul.
  2925 | D:4      | Found a bloodstained altar of Trog.
  2931 | D:4      | Reached skill level 10 in Slings
  3101 | D:4      | Found an ancient bone altar of Kikubaaqudgha.
  3103 | D:4      | Found a snail-covered altar of Cheibriados.
  3109 | D:4      | Found a hazy altar of Hepliaklqana.
  3244 | Temple   | Entered the Ecumenical Temple
  3421 | Temple   | Became a worshipper of Elyvilon the Healer
  3468 | D:5      | Entered Level 5 of the Dungeon
  3468 | D:5      | Noticed Ijyb
  3484 | D:4      | Killed Ijyb
  3786 | D:5      | Reached skill level 2 in Fighting
  3786 | D:5      | Reached skill level 1 in Invocations
  4210 | D:5      | Reached * piety under Elyvilon
  4590 | D:6      | Noticed Pikel
  4656 | D:6      | Reached skill level 2 in Invocations
  4704 | D:6      | Reached skill level 3 in Invocations
  4763 | D:6      | Reached skill level 3 in Fighting
  4910 | D:6      | Killed Pikel
  4910 | D:6      | Reached skill level 4 in Fighting
  4910 | D:6      | Reached skill level 5 in Invocations
  4910 | D:6      | Reached XP level 8. HP: 64/73 MP: 9/12
  4914 | D:6      | Noticed Edmund
  5007 | D:6      | Killed Edmund
  5007 | D:6      | Reached skill level 6 in Invocations
  5233 | D:6      | Noticed Duvessa
  5266 | D:6      | Noticed Dowan
  5273 | D:6      | Killed Duvessa
  5273 | D:6      | Reached skill level 5 in Fighting
  5293 | D:6      | Killed Dowan
  5564 | D:7      | Noticed Harold
  5584 | D:6      | Reached skill level 7 in Invocations
  5669 | D:7      | Reached ** piety under Elyvilon
  5719 | D:7      | Noticed Prince Ribbit
  5866 | D:7      | HP: 14/75 [Harold/+0 dire flail (20)]
  5867 | D:7      | HP: 6/75 [Harold/+0 dire flail (8)]
  5884 | D:7      | HP: 18/75 [Harold/+0 dire flail (14)]
  5898 | D:7      | Killed Harold
  5898 | D:7      | Reached skill level 6 in Fighting
  5898 | D:7      | Reached skill level 8 in Invocations
  5898 | D:7      | Gained mutation: You passively map the area around you.
                  | [Deep Dwarf growth]
  5898 | D:7      | Reached XP level 9. HP: 28/85 MP: 13/15
  5901 | D:7      | Noticed Joseph
  5912 | D:7      | Killed Joseph
  5912 | D:7      | Reached skill level 9 in Invocations
  5930 | D:7      | HP: 20/85 [big kobold (3)]
  5931 | D:7      | Reached skill level 7 in Fighting
  6647 | D:7      | Killed Prince Ribbit
  6711 | D:7      | Reached skill level 10 in Invocations
  6747 | D:7      | Reached skill level 8 in Fighting
  7302 | D:8      | Reached XP level 10. HP: 65/98 MP: 17/17
  7999 | D:9      | Found a staircase to the Lair.
  8008 | D:9      | Reached skill level 9 in Fighting
  8067 | D:9      | Reached *** piety under Elyvilon
  8067 | D:9      | Noticed a two-headed ogre
  8077 | D:9      | Killed a two-headed ogre
  8240 | D:9      | Noticed an obsidian statue
  8305 | D:9      | HP: 16/100 [orc priest/divine providence (12)]
  8310 | D:9      | HP: 9/100 [orc warrior/+0 mace (17)]
  8316 | D:9      | HP: 13/100 [orc priest/divine providence (14)]
  8324 | D:9      | HP: 3/102 [orc priest/divine providence (11)]
  8331 | D:9      | HP: 6/102 [orc priest/divine providence (8)]
  8369 | D:9      | Found a staircase to the Orcish Mines.
  8545 | D:9      | Found Malo's General Store.
  9026 | D:9      | Reached skill level 10 in Fighting
  9104 | D:10     | Entered Level 10 of the Dungeon
  9141 | D:10     | Reached skill level 3 in Dodging
  9269 | D:10     | Noticed a two-headed ogre
  9333 | D:10     | HP: 16/102 [two-headed ogre/+0 giant spiked club (24)]
  9334 | D:10     | Killed a two-headed ogre
  9334 | D:10     | Reached skill level 4 in Dodging
  9435 | D:10     | Noticed a two-headed ogre
  9517 | D:10     | Killed a two-headed ogre
  9517 | D:10     | Reached skill level 11 in Slings
  9517 | D:10     | Reached skill level 5 in Dodging
  9595 | D:10     | Found a portal to a secret trove of treasure.
  9812 | D:10     | Reached XP level 11. HP: 75/108 MP: 17/17
  9908 | D:10     | Reached skill level 6 in Dodging
 10241 | Lair:1   | Entered Level 1 of the Lair of Beasts
 10241 | Lair:1   | Noticed a seven-headed hydra
 10268 | Orc:1    | Entered Level 1 of the Orcish Mines
 10269 | Orc:1    | Noticed a two-headed ogre
 10269 | Orc:1    | Noticed a two-headed ogre
 10297 | Orc:1    | Killed a two-headed ogre
 10338 | Orc:1    | Noticed a two-headed ogre
 10338 | Orc:1    | Noticed an ogre mage
 10371 | Orc:1    | Noticed a two-headed ogre
 10379 | Orc:1    | Killed a two-headed ogre
 10385 | Orc:1    | Killed an ogre mage
 10385 | Orc:1    | Reached skill level 7 in Dodging
 10397 | Orc:1    | HP: 39/159 [two-headed ogre/+0 giant club (2)]
 10402 | Orc:1    | HP: 32/162 [two-headed ogre/+0 giant club (9)]
 10409 | Orc:1    | HP: 32/162 [two-headed ogre/+0 giant club (15)]
 10410 | Orc:1    | Killed a two-headed ogre
 10410 | Orc:1    | Reached skill level 12 in Slings
 10413 | Orc:1    | HP: 12/162 [ogre/+0 giant spiked club (16)]
 10414 | Orc:1    | Killed a two-headed ogre
 10420 | Orc:1    | Reached skill level 8 in Dodging
 10594 | Orc:1    | You fall into a shaft and drop 1 floor!
 10594 | Orc:2    | Entered Level 2 of the Orcish Mines
 10656 | Orc:1    | Noticed an orc sorcerer
 10659 | Orc:1    | Noticed a sixfirhy
 10672 | Orc:1    | HP: 20/108 [orc sorcerer/bolt of negative energy (31)]
 10676 | Orc:1    | Killed an orc sorcerer
 10944 | Orc:2    | Noticed an orc high priest
 10997 | Orc:1    | Killed an orc high priest
 11110 | Orc:2    | Reached skill level 9 in Dodging
 11235 | Orc:2    | Noticed an orc warlord
 11237 | Orc:2    | Noticed an orc sorcerer
 11348 | Orc:1    | Upgraded the game from 0.26-a0-707-g31817bcca1 to
                  | 0.26-a0-708-g17f3b190f9
 11351 | Orc:2    | Noticed a two-headed ogre
 11362 | Orc:2    | Killed a two-headed ogre
 11362 | Orc:2    | Reached skill level 13 in Slings
 11441 | Orc:2    | Noticed an orc knight
 11457 | Orc:2    | Noticed an orc knight
 11498 | Orc:1    | Killed an orc knight
 11706 | Orc:1    | HP: 21/108 [orc warrior/+2 long sword of holy wrath (10)]
 11860 | Orc:2    | Noticed an orc knight
 11860 | Orc:2    | Noticed an orc knight
 11861 | Orc:2    | Noticed an orc sorcerer
 11978 | D:9      | Bought 21 stones for 31 gold pieces
 11978 | D:9      | Bought 12 sling bullets for 90 gold pieces
 11978 | D:9      | Bought a wand of digging (4) for 240 gold pieces
 12140 | Orc:1    | Reached XP level 12. HP: 88/116 MP: 17/17
 12152 | Orc:1    | HP: 12/116 [orc knight/+0 great sword (18)]
 12519 | D:11     | Reached skill level 10 in Dodging
 12691 | D:11     | Noticed a two-headed ogre
 12701 | D:11     | Killed a two-headed ogre
 12701 | D:11     | Reached skill level 14 in Slings
 12826 | D:11     | Found a runed translucent door.
 12833 | D:11     | Noticed snetch's ghost (novice DECj)
 12839 | D:11     | Noticed an ogre mage
 12900 | D:11     | HP: 28/116 [purple ugly thing (12)]
 13081 | D:11     | HP: 21/116 [gargoyle/+2 vorpal morningstar (18)]
 13083 | D:11     | HP: 3/116 [gargoyle/+2 vorpal morningstar (18)]
 13083 | D:11     | Slain by a gargoyle

Illustrated notes

Levels and vault maps discovered:
D:1:      minmay_arrival_hallway, layout_basic
D:2:      layout_loops_cross, overflow_temple_1_default, xom_teletrap_fun
D:3:      layout_loops_corners, cheibrodos_gnoll_hut, uniq_sigmund
D:4:      layout_basic, minitemple, temple_pool_b, minmay_splitting_lines,
          minmay_misc_feat_iff
D:5:      layout_basic, uniq_ijyb
D:6:      layout_basic, uniq_duvessa, uniq_edmund, uniq_pikel
D:7:      layout_loops_cross, uniq_harold, uniq_joseph, uniq_prince_ribbit1
D:8:      layout_rooms
D:9:      layout_long_grid, lair_entry_dummy, david_orc_3, serial_shops, shop,
          minmay_protected_statue
D:10:     layout_rooms, enter_trove_2
D:11:     layout_roguey, ebering_ghost_inner_flame
Temple:   regret_index_temple_sphere_string
Lair:1:   layout_regular_city, minivault_23
Orc:1:    layout_diamond_mine
Orc:2:    grunt_orc_cross, layout_caves

Skill      XL: |  1  2  3  4  5  6  7  8  9 10 11 12 |
---------------+-------------------------------------+-----
Slings         | 5 6 7 8 9 10 11 13 14 | 14.3
Fighting       | 4 6 8 10 | 10.0
Invocations    | 5 8 10 | 10.0
Dodging        | 5 9 10 | 10.0
Stealth        | |  1.2

Action                   |  1- 3 |  4- 6 |  7- 9 | 10-12 || total
-------------------------+-------+-------+-------+-------++-------
Melee: Short sword       |    65 |     2 |     4 |       ||    71
       Whip              |       |       |    63 |    17 ||    80
       Dagger            |       |       |       |   134 ||   134
 Fire: Hunting sling     |    80 |   137 |   514 |  1132 ||  1863
Invok: Lesser Healing    |       |       |    20 |   141 ||   161
 Abil: Heal Wounds       |       |     2 |     6 |    17 ||    25
Evoke: Wand              |       |       |     1 |    16 ||    17
  Use: Scroll            |       |       |    17 |    13 ||    30
       Potion            |       |       |     1 |     4 ||     5
 Stab: Sleeping          |       |       |     1 |       ||     1
       Paralysed         |       |       |       |     8 ||     8
Armor: Leather armour    |    30 |    26 |    84 |    28 ||   168
       Robe              |       |       |       |   121 ||   121
       Skin              |       |       |       |    37 ||    37
Dodge: Dodged            |    76 |    31 |   173 |   432 ||   712

Table legend: (Time is in decaauts)
 A = Elapsed time spent in this place.
 B = Non-inter-level travel time spent in this place.
 C = Inter-level travel time spent in this place.
 D = Time resting spent in this place.
 E = Time spent auto-exploring this place.
 F = Levels seen in this place.
 G = Mean time per level.
                   A        B        C        D        E       F      G
               +--------+--------+--------+--------+--------+-----+--------+
         Total |  12489 |  11111 |   1378 |    718 |   7147 |  15 |  832.6 |
       Dungeon |  10480 |   9349 |   1131 |    718 |   6242 |  11 |  952.7 |
        Temple |    192 |    140 |     52 |      0 |    137 |   1 |  192.0 |
          Lair |      1 |      1 |      0 |      0 |      0 |   1 |    1.0 |
  Orcish Mines |   1814 |   1619 |    195 |      0 |    768 |   2 |  907.0 |
               +--------+--------+--------+--------+--------+-----+--------+

Top non-repeatable levels by time:
     D:6: 1602 daAuts
   Orc:1: 1355 daAuts
     D:9: 1335 daAuts
     D:7: 1021 daAuts
     D:4: 996 daAuts
     D:5: 965 daAuts
    D:10: 937 daAuts
     D:3: 877 daAuts
     D:1: 862 daAuts
     D:2: 699 daAuts
     D:8: 603 daAuts
    D:11: 578 daAuts
   Orc:2: 458 daAuts
  Temple: 192 daAuts
  Lair:1: 1 daAuts

Table legend:
 A = Kills in this place as a percentage of kills in entire the game.
 B = Kills by you in this place as a percentage of kills by you in the entire game.
 C = Kills by friends in this place as a percentage of kills by friends in the entire game.
 D = Other kills in this place as a percentage of other kills in the entire game.
 E = Experience gained in this place as a percentage of experience gained in the entire game.
 F = Experience gained in this place divided by the number of levels of this place that you have seen.
                   A       B       C       D       E      F
               +-------+-------+-------+-------+-------+----------------------
         Total | 100.0 | 100.0 | 100.0 |   N/A | 100.0 | 1764.3
       Dungeon |  80.5 |  80.8 |   0.0 |   N/A |  60.7 | 1459.5
  Orcish Mines |  19.5 |  19.2 | 100.0 |   N/A |  39.3 | 5205.0
               +-------+-------+-------+-------+-------+----------------------
